AAA
BIRMINGHAM BARONS @ ROCHESTER NORSEMEN
07/30/2052
 
TOP OF THE 1ST
Norfolk Tides batting - Pitching for Scranton Dundies : RHP Brad Tucker
Pitching: RHP Brad Tucker
Batting: LHB José Armijo 0-0: Ball
1-0: Ball
2-0: Foul Ball, location: 7LMF
2-1: Ball
3-1: DOUBLE (Line Drive, 7LD, EV 101.9 MPH)
Batting: LHB Ted Coker 0-0: Ball
1-0: Ball
2-0: SINGLE (Line Drive, 9LS, EV 91.3 MPH)
José Armijo to third
Batting: SHB Magglio Trego 0-0: Fly out, F4 (Line Drive, 4, EV 75.0 MPH)
Batting: RHB Roman Mansel 0-0: Ball
1-0: Swinging Strike
1-1: Fly out, F9 (Flyball, 9LS, EV 90.6 MPH)
Batting: RHB Daniel Jamieson 0-0: Called Strike
0-1: Called Strike
0-2: Ball
1-2: Fly out, F9 (Flyball, 89D, EV 100.6 MPH)
Top of the 1st over - 0 runs, 2 hits, 0 errors, 2 left on base; Norfolk 0 - Scranton 0
BOTTOM OF THE 1ST
Scranton Dundies batting - Pitching for Norfolk Tides : LHP Jim Reed
Pitching: LHP Jim Reed
Batting: LHB Daryn Scott 0-0: Called Strike
0-1: Ball
1-1: Foul Ball, location: 2F
1-2: Strikes out swinging
Batting: LHB Lúcio Figuereo 0-0: SOLO HOME RUN (Flyball, 7LD, EV 93.1 MPH), Distance : 353 ft
Batting: RHB Korvin Chamblee 0-0: Called Strike
0-1: Ball
1-1: Swinging Strike
1-2: Foul Ball, location: 9LDF
1-2: Ball
2-2: Strikes out swinging
Batting: LHB Alejandro Esquivel 0-0: Ground out 4-3 (Groundball, 34D, EV 101.9 MPH)
Bottom of the 1st over - 1 run, 1 hit, 0 errors, 0 left on base; Norfolk 0 - Scranton 1
TOP OF THE 2ND
Norfolk Tides batting - Pitching for Scranton Dundies : RHP Brad Tucker
Batting: LHB Will Kaufman 0-0: Fly out, F4 (Popup, 4S, EV 68.8 MPH)
Batting: LHB Peter Haynes 0-0: Called Strike
0-1: Foul Ball, location: 2F
0-2: Strikes out swinging
Batting: SHB Sebastian Vincent 0-0: Called Strike
0-1: Swinging Strike
0-2: Ball
1-2: Ball
2-2: Reached on error, E6 (Groundball, 6, EV 83.1 MPH)
Batting: RHB Rich Hayes 0-0: Ball
1-0: Ball
2-0: Foul Ball, location: 5FF
2-1: Reached on error, E6 (Groundball, 6, EV 89.4 MPH)
Batting: LHB José Armijo 0-0: Foul Ball, location: 25FF
0-1: Ball
1-1: Called Strike
1-2: Foul Ball, location: 7LMF
1-2: Ball
2-2: Fly out, F6 (Flyball, 56D, EV 90.0 MPH)
Top of the 2nd over - 0 runs, 0 hits, 2 errors, 2 left on base; Norfolk 0 - Scranton 1
BOTTOM OF THE 2ND
Scranton Dundies batting - Pitching for Norfolk Tides : LHP Jim Reed
Batting: RHB Anibal Sánchez 0-0: Foul Ball, location: 5FF
0-1: Ball
1-1: Called Strike
1-2: SINGLE (Groundball, 6MD, EV 96.3 MPH)
Batting: RHB Pudge Sifford 0-0: Ball
1-0: Foul Ball, location: 9LMF
1-1: Called Strike
1-2: Strikes out swinging
Batting: LHB Jimmy Boyer 0-0: SINGLE (Groundball, P, EV 86.9 MPH) (infield hit)
Anibal Sánchez to second
Batting: LHB Landon Camp 0-0: Called Strike
0-1: Swinging Strike
0-2: Foul Ball, location: 3F
0-2: Fielders Choice at 2nd, 4-6 (Groundball, 4, EV 83.1 MPH)
Anibal Sánchez to third
Batting: RHB Franco Reyes 0-0: Ball
1-0: Foul Ball, location: 9LMF
1-1: Called Strike
1-2: Ball
2-2: Strikes out swinging
Bottom of the 2nd over - 0 runs, 2 hits, 0 errors, 2 left on base; Norfolk 0 - Scranton 1
TOP OF THE 3RD
Norfolk Tides batting - Pitching for Scranton Dundies : RHP Brad Tucker
Batting: LHB Ted Coker 0-0: Foul Ball, location: 2F
0-1: Called Strike
0-2: Foul Ball, location: 7LDF
0-2: Ball
1-2: Ball
2-2: SINGLE (Groundball, 13, EV 87.5 MPH) (infield hit)
Batting: SHB Magglio Trego 0-0: Called Strike
0-1: Ball
1-1: Called Strike
1-2: Fly out, F9 (Line Drive, 9, EV 96.9 MPH)
Batting: RHB Roman Mansel 0-0: Called Strike
0-1: SINGLE (Line Drive, 8LS, EV 97.5 MPH)
Ted Coker to second
Batting: RHB Daniel Jamieson 0-0: Ball
1-0: Called Strike
1-1: Ball
2-1: Foul Ball, location: 9LMF
2-2: Fly out, F8 (Line Drive, 8LM, EV 90.6 MPH)
Batting: LHB Will Kaufman 0-0: Ball
1-0: Fly out, F7 (Flyball, 7LM, EV 108.1 MPH)
Top of the 3rd over - 0 runs, 2 hits, 0 errors, 2 left on base; Norfolk 0 - Scranton 1
BOTTOM OF THE 3RD
Scranton Dundies batting - Pitching for Norfolk Tides : LHP Jim Reed
Batting: LHB Daryn Scott 0-0: Ball
1-0: Called Strike
1-1: Foul Ball, location: 2F
1-2: Ground out 6-3 (Groundball, 6, EV 103.8 MPH)
Batting: LHB Lúcio Figuereo 0-0: Ball
1-0: Ball
2-0: Fly out, F8 (Flyball, 8LD, EV 100.6 MPH)
Batting: RHB Korvin Chamblee 0-0: Swinging Strike
0-1: Ball
1-1: Fly out, F8 (Flyball, 89D, EV 95.6 MPH)
Bottom of the 3rd over - 0 runs, 0 hits, 0 errors, 0 left on base; Norfolk 0 - Scranton 1
TOP OF THE 4TH
Norfolk Tides batting - Pitching for Scranton Dundies : RHP Brad Tucker
Batting: LHB Peter Haynes 0-0: SINGLE (Groundball, 34S, EV 65.6 MPH) (infield hit)
Batting: SHB Sebastian Vincent 0-0: Called Strike
0-1: Ball
1-1: SINGLE (Groundball, 4D, EV 95.0 MPH)
Peter Haynes to second
Runner from 2nd tries for 3rd, SAFE, no throw by CF
Batting: RHB Rich Hayes 0-0: Called Strike
0-1: Ball
1-1: SINGLE (Line Drive, 4M, EV 98.1 MPH)
Peter Haynes scores
Sebastian Vincent to second
Batting: LHB José Armijo 0-0: Called Strike
0-1: Ball
1-1: Called Strike
1-2: SINGLE (Groundball, P, EV 90.6 MPH) (infield hit)
Sebastian Vincent to third
Rich Hayes to second
Batting: LHB Ted Coker 0-0: Foul Ball, location: 2F
0-1: Ball
1-1: Ball
2-1: Fielders Choice at 2nd, 3-6 (Groundball, 3S, EV 78.8 MPH)
Sebastian Vincent scores
Rich Hayes to third
Batting: SHB Magglio Trego 0-0: Called Strike
0-1: Ball
1-1: Foul Ball, location: 3FF
1-2: Ball
2-2: Strikes out swinging
Batting: RHB Roman Mansel 0-0: Swinging Strike
Passed Ball!
Rich Hayes scores
Ted Coker to second
0-1: Fly out, F3 (Popup, 3F, EV 77.5 MPH)
Top of the 4th over - 3 runs, 4 hits, 0 errors, 1 left on base; Norfolk 3 - Scranton 1
BOTTOM OF THE 4TH
Scranton Dundies batting - Pitching for Norfolk Tides : LHP Jim Reed
Batting: LHB Alejandro Esquivel 0-0: Called Strike
0-1: Foul Ball, location: 7LMF
0-2: Fly out, F9 (Flyball, 9D, EV 106.3 MPH)
Batting: RHB Anibal Sánchez 0-0: Ball
1-0: Called Strike
1-1: Ground out 6-3 (Groundball, 6, EV 80.6 MPH)
Batting: RHB Pudge Sifford 0-0: Swinging Strike
0-1: Ball
1-1: Ball
2-1: Ball
3-1: Called Strike
3-2: Foul Ball, location: 2F
3-2: Fly out, F9 (Flyball, 9D, EV 101.3 MPH)
Bottom of the 4th over - 0 runs, 0 hits, 0 errors, 0 left on base; Norfolk 3 - Scranton 1
TOP OF THE 5TH
Norfolk Tides batting - Pitching for Scranton Dundies : RHP Brad Tucker
Batting: RHB Daniel Jamieson 0-0: Called Strike
0-1: Foul Ball, location: 2F
0-2: Fly out, F8 (Flyball, 8LM, EV 99.4 MPH)
Batting: LHB Will Kaufman 0-0: Ball
1-0: SINGLE (Groundball, 56D, EV 103.8 MPH)
Batting: LHB Peter Haynes Pickoff Throw to First - Out! 1-3 CS
0-0: SINGLE (Line Drive, 78M, EV 91.9 MPH)
Batting: SHB Sebastian Vincent 0-0: Called Strike
0-1: Foul Ball, location: 2F
0-2: Ball
1-2: DOUBLE (Line Drive, 7LS, EV 104.4 MPH)
Peter Haynes to third
Batting: RHB Rich Hayes 0-0: Ball
1-0: Ball
2-0: Called Strike
2-1: Foul Ball, location: 9LMF
2-2: SINGLE (Groundball, 34D, EV 102.5 MPH)
Peter Haynes scores
Sebastian Vincent to third
Runner from 3rd tries for Home, SAFE, throw by RF to home
Pitching: RHP Pete Alexander
Batting: LHB José Armijo 0-0: Called Strike
0-1: Ball
1-1: Ground out 2-3 (Groundball, 2L, EV 72.5 MPH)
Top of the 5th over - 2 runs, 4 hits, 0 errors, 1 left on base; Norfolk 5 - Scranton 1
BOTTOM OF THE 5TH
Scranton Dundies batting - Pitching for Norfolk Tides : LHP Jim Reed
Batting: LHB Jimmy Boyer 0-0: Foul Ball, location: 3FF
0-1: Ground out 4-3 (Groundball, 34D, EV 93.8 MPH)
Batting: LHB Landon Camp 0-0: Ball
1-0: Ball
2-0: Ball
3-0: Called Strike
3-1: Base on Balls
Batting: RHB Franco Reyes 0-0: Called Strike
0-1: Foul Ball, location: 2F
0-2: Fly out, F4 (Popup, 4, EV 58.8 MPH)
Batting: LHB Daryn Scott 0-0: Called Strike
0-1: Ball
1-1: Fly out, F9 (Flyball, 89S, EV 90.0 MPH)
Bottom of the 5th over - 0 runs, 0 hits, 0 errors, 1 left on base; Norfolk 5 - Scranton 1
TOP OF THE 6TH
Norfolk Tides batting - Pitching for Scranton Dundies : RHP Pete Alexander
Batting: LHB Ted Coker 0-0: Called Strike
0-1: Reached on error, E4 (Groundball, 4, EV 103.1 MPH)
Batting: SHB Magglio Trego 0-0: Called Strike
0-1: Grounds into double play, 4-6-3 (Groundball, 34, EV 90.0 MPH)
Batting: RHB Roman Mansel 0-0: Swinging Strike
0-1: Fly out, F8 (Flyball, 89M, EV 92.5 MPH)
Top of the 6th over - 0 runs, 0 hits, 1 error, 0 left on base; Norfolk 5 - Scranton 1
BOTTOM OF THE 6TH
Scranton Dundies batting - Pitching for Norfolk Tides : LHP Jim Reed
Batting: LHB Lúcio Figuereo 0-0: Ball
1-0: Foul Ball, location: 2F
1-1: Called Strike
1-2: Strikes out looking
Batting: RHB Korvin Chamblee 0-0: Called Strike
0-1: Ball
1-1: Fly out, F8 (Line Drive, 8LD, EV 85.0 MPH)
Batting: LHB Alejandro Esquivel 0-0: Fly out, F7 (Line Drive, 7, EV 87.5 MPH)
Bottom of the 6th over - 0 runs, 0 hits, 0 errors, 0 left on base; Norfolk 5 - Scranton 1
TOP OF THE 7TH
Norfolk Tides batting - Pitching for Scranton Dundies : RHP Pete Alexander
Batting: RHB Daniel Jamieson 0-0: Called Strike
0-1: Fly out, F8 (Flyball, 8RXD, EV 94.4 MPH)
Batting: LHB Will Kaufman 0-0: Swinging Strike
0-1: Swinging Strike
0-2: SINGLE (Line Drive, 89S, EV 110.6 MPH)
Batting: LHB Peter Haynes 0-0: Ball
1-0: Called Strike
1-1: Fly out, F7 (Line Drive, 7, EV 86.3 MPH)
Batting: SHB Sebastian Vincent 0-0: Called Strike
0-1: Foul Ball, location: 2F
0-2: Fielders Choice at 2nd, 6-4 (Groundball, 6, EV 101.3 MPH)
Top of the 7th over - 0 runs, 1 hit, 0 errors, 1 left on base; Norfolk 5 - Scranton 1
BOTTOM OF THE 7TH
Scranton Dundies batting - Pitching for Norfolk Tides : LHP Jim Reed
Batting: RHB Anibal Sánchez 0-0: Called Strike
0-1: Foul Ball, location: 9LSF
0-2: Ground out 4-3 (Groundball, 4, EV 80.6 MPH)
Batting: RHB Pudge Sifford 0-0: Called Strike
0-1: Foul Ball, location: 9LMF
0-2: Ball
1-2: Ball
2-2: Ball
3-2: Ground out 6-3 (Groundball, 56, EV 85.0 MPH)
Batting: LHB Jimmy Boyer 0-0: Ball
1-0: Ball
2-0: SINGLE (Groundball, 3S, EV 65.0 MPH) (infield hit)
Batting: LHB Landon Camp 0-0: Foul Ball, location: 23F
0-1: Called Strike
0-2: Foul Ball, location: 7LSF
0-2: Ball
1-2: Foul Ball, location: 23F
1-2: Ground out 4-3 (Groundball, 4, EV 86.9 MPH)
Bottom of the 7th over - 0 runs, 1 hit, 0 errors, 1 left on base; Norfolk 5 - Scranton 1
TOP OF THE 8TH
Norfolk Tides batting - Pitching for Scranton Dundies : RHP Pete Alexander
Batting: RHB Rich Hayes 0-0: Called Strike
0-1: Swinging Strike
0-2: Ground out 4-3 (Groundball, 4, EV 93.8 MPH)
Batting: LHB José Armijo 0-0: Called Strike
0-1: Called Strike
0-2: Ball
1-2: SINGLE (Groundball, 6MD, EV 101.9 MPH)
Batting: LHB Ted Coker 0-0: Ball
1-0: Called Strike
1-1: Fielders Choice at 2nd, 4-6 (Groundball, 4M, EV 90.6 MPH)
Batting: SHB Magglio Trego 0-0: Ball
1-0: Ball
2-0: Ball
3-0: Swinging Strike
3-1: Base on Balls
Ted Coker to second
Batting: RHB Roman Mansel 0-0: Foul Ball, location: 2F
0-1: Ball
1-1: Ball
2-1: Fly out, F8 (Flyball, 8RS, EV 100.0 MPH)
Top of the 8th over - 0 runs, 1 hit, 0 errors, 2 left on base; Norfolk 5 - Scranton 1
BOTTOM OF THE 8TH
Scranton Dundies batting - Pitching for Norfolk Tides : LHP Jim Reed
Batting: RHB Franco Reyes 0-0: Called Strike
0-1: Ball
1-1: Ball
2-1: Foul Ball, location: 5DF
2-2: SINGLE (Groundball, 56D, EV 95.0 MPH)
Batting: LHB Daryn Scott 0-0: Called Strike
0-1: Ball
1-1: Foul Ball, location: 5SF
1-2: Strikes out swinging
Batting: LHB Lúcio Figuereo 0-0: Fly out, F6 (Line Drive, 6M, EV 68.1 MPH)
Batting: RHB Korvin Chamblee 0-0: Swinging Strike
0-1: Foul Ball, location: 9LDF
0-2: Strikes out swinging
Bottom of the 8th over - 0 runs, 1 hit, 0 errors, 1 left on base; Norfolk 5 - Scranton 1
TOP OF THE 9TH
Norfolk Tides batting - Pitching for Scranton Dundies : RHP Pete Alexander
Pitching: RHP Ivan Perales
Batting: RHB Daniel Jamieson 0-0: Ball
1-0: Called Strike
1-1: Foul Ball, location: 25F
1-2: Fly out, F8 (Flyball, 89D, EV 96.9 MPH)
Batting: LHB Will Kaufman 0-0: Ball
1-0: Swinging Strike
1-1: Ground out 6-3 (Groundball, 6, EV 81.9 MPH)
Batting: LHB Peter Haynes 0-0: Foul Ball, location: 2F
0-1: Ball
1-1: Foul Ball, location: 7LMF
1-2: Ball
2-2: SINGLE (Line Drive, 34, EV 97.5 MPH)
Batting: SHB Sebastian Vincent 0-0: Foul Ball, location: 2F
0-1: Foul Ball, location: 7LDF
0-2: Ball
1-2: Ball
2-2: Ball
3-2: Base on Balls
Peter Haynes to second
Batting: RHB Rich Hayes 0-0: Fielders Choice at 2nd, 6-4 (Groundball, 6, EV 80.0 MPH)
Top of the 9th over - 0 runs, 1 hit, 0 errors, 2 left on base; Norfolk 5 - Scranton 1
BOTTOM OF THE 9TH
Scranton Dundies batting - Pitching for Norfolk Tides : LHP Jim Reed
Batting: LHB Alejandro Esquivel 0-0: Ball
1-0: Ground out 3-1 (Groundball, 34S, EV 79.4 MPH)
Batting: RHB Anibal Sánchez 0-0: Ball
1-0: Called Strike
1-1: SINGLE (Flyball, 6D, EV 92.5 MPH)
Batting: RHB Pudge Sifford 0-0: Foul Ball, location: 2RF
0-1: Foul Ball, location: 9LMF
0-2: Ball
1-2: Foul Ball, location: 5FF
1-2: Foul Ball, location: 2F
1-2: DOUBLE (Line Drive, 3D, EV 95.0 MPH)
Anibal Sánchez to third
Pitching: RHP Reidar Orellana
Batting: LHB Jimmy Boyer 0-0: Called Strike
0-1: Foul Ball, location: 2F
0-2: Strikes out looking
Batting: LHB Landon Camp 0-0: Foul Ball, location: 25FF
0-1: Called Strike
0-2: Ball
1-2: Ball
Wild Pitch!
Anibal Sánchez scores
Pudge Sifford to third
2-2: Strikes out swinging
Bottom of the 9th over - 1 run, 2 hits, 0 errors, 1 left on base; Norfolk 5 - Scranton 2
Wednesday, May 1st , 2024 - OOTP Baseball 24.11 Build 85